 Dungeon Crawl Stone Soup version 0.31-a0-157-g0643eb4156 (webtiles) character file.

Game seed: 5831522490967521559

158 qw the Shooter (level 5, -4/32 HPs)
             Began as a Gargoyle Hunter on June 12, 2023.
             Slain by a gnoll
             ... wielding a +0 whip
              (5 damage)
             ... on level 4 of the Dungeon.
             The game lasted 00:00:56 (2107 turns).

qw the Shooter (Gargoyle Hunter)                    Turns: 2107, Time: 00:00:56

Health: -4/32      AC: 10    Str: 14    XL:     5   Next: 39%
Magic:  5/5        EV: 11    Int: 10    God:
Gold:   60         SH:  0    Dex: 15    Spells: 4/4 levels left

rFire   . . .        Y - +0 shortbow
rCold   . . .        (shield currently unavailable)
rNeg    + . .        b - +3 leather armour {rPois}
rPois   inf          (no helmet)
rElec   +            (no cloak)
rCorr   .            (no gloves)
SInv    .            (no boots)
Will    .....        (no amulet)
Stlth   ++           (no ring)
HPRegen 0.25/turn    (no ring)
MPRegen 0.09/turn

%: no passive effects
@: about to teleport
A: sickness immunity, AC +4, negative energy resistance 1, electricity
resistance, torment resistance 1, petrification resistance
a: no special abilities


You were on level 4 of the Dungeon.
You visited 1 branch of the dungeon, and saw 4 of its levels.

You collected 185 gold pieces.
You spent 125 gold pieces at shops.


Innate Abilities, Weirdness & Mutations

You are immune to sickness and miasma.
Your stone body is resilient. (AC +4)
You are immune to poison.
You resist negative energy. (rN+)
You are resistant to electric shocks. (rElec)
You are resistant to unholy torment.
You are immune to petrification.


   Skills:
 - Level 3.1 Fighting
 + Level 5.8 Ranged Weapons
 - Level 1.5 Armour
 - Level 1.5 Dodging
 - Level 1.1 Stealth


You had 4 spell levels left.
You didn't know any spells.
Your spell library was empty.

Inventory:

Hand Weapons
 Y - a +0 shortbow (weapon)
Armour
 b - a +3 leather armour of poison resistance (worn)
Scrolls
 e - 2 scrolls of teleportation
 h - 3 scrolls of identify
 k - a scroll of fog {unknown}
Potions
 a - 2 potions of might
 c - a potion of attraction {unknown}
 d - 2 potions of haste
 f - a potion of resistance {unknown}
 g - a potion of cancellation {unknown}
 i - a potion of magic {unknown}
 j - a potion of curing {unknown}

Dungeon Overview and Level Annotations

Branches:
Dungeon (4/15)
 Temple: D:4-7

Altars:
Ashenzari
Kikubaaqudgha
Uskayaw
Wu Jian

Shops:
D:3 *

Annotations:
D:4 Edmund


Message History

Edmund is moderately wounded.
A gnoll comes into view. It is wielding a +0 spear.
You shoot an arrow.
The arrow hits Edmund but does no damage.
Edmund is moderately wounded.
A gnoll comes into view. It is wielding a +0 spear.
2100 ||| Stepping ~*~*~tactically~*~*~ (outnumbered).
You shoot an arrow. The arrow hits Edmund!
Edmund is heavily wounded.
Edmund misses you.
You shoot an arrow. The arrow hits Edmund.
Edmund is heavily wounded.
Edmund hits you with a +4 flail of holy wrath.
You shoot an arrow. The arrow barely misses Edmund.
The arrow closely misses the gnoll.
Edmund hits you with a +4 flail of holy wrath!
You shoot an arrow. The arrow hits Edmund.
Edmund is heavily wounded.
The gnoll hits you from afar with a +0 spear.
Edmund hits you with a +4 flail of holy wrath.
The gnoll hits you with a +0 whip. The gnoll barely misses you.
Edmund closely misses you. The gnoll hits you but does no damage.
2105 ||| READING 3 scrolls of teleportation.
As you read the scroll of teleportation, it crumbles to dust.
You feel strangely unstable. The gnoll misses you.
The gnoll hits you but does no damage. Edmund hits you but does no damage.
The gnoll hits you but does no damage.
You shoot an arrow. The arrow closely misses Edmund.
The arrow hits the gnoll!
The gnoll is severely wounded.
You hear a shout!
The gnoll barely misses you.
The gnoll hits you from afar with a +0 spear.
The gnoll barely misses you. Edmund closely misses you.
You shoot an arrow. The arrow hits Edmund.
Edmund is severely wounded.
A gnoll comes into view. It is wielding a +0 spear.
The gnoll barely misses you. The gnoll hits you but does no damage.
Edmund hits you with a +4 flail of holy wrath!
The gnoll hits you with a +0 whip.
You die...

.).....)...%.....#
######..#.###....#
#####...#####.#.##
#............)...###
#.####.......>......
##.###.......#
#.###...##......##
.................#
##.###...#..#.##@#
##........g@#
#.##..#...gg...gg
#.##..#....g.####
#.##.........# #.
#..#......#
.............#
#.##.?..%..#>#
........#.#


You could see Edmund and 4 gnolls.

Vanquished Creatures
  Natasha (D:4)
  2 iguanas
  3 adders
  A white imp (D:4)
  A worm (D:2)
  A dart slug (D:3)
  2 orcs (D:4)
  6 endoplasms
  3 giant cockroaches
  4 goblins
  4 hobgoblins
  4 kobolds
  3 quokkas
  5 ball pythons
  2 frilled lizards (D:3)
  2 rats
44 creatures vanquished.

Notes
Turn   | Place    | Note
-------+----------+-------------------------------------------
     0 | D:1      | qw the Gargoyle Hunter began the quest for the Orb.
     0 | D:1      | Reached XP level 1. HP: 12/12 MP: 1/1
     0 | D:1      | 0 ||| qw: Version: 0.2-a-29-gc1b59c4
     0 | D:1      | 0 ||| qw: Game counter: 4125
     0 | D:1      | 0 ||| qw: Always use a shield: true
     0 | D:1      | 0 ||| qw: God list: Okawaru
     0 | D:1      | 0 ||| qw: Allow faded altars: false
     0 | D:1      | 0 ||| qw: Do Orc after D:15 true
     0 | D:1      | 0 ||| qw: Do second Lair branch before Depths: true
     0 | D:1      | 0 ||| qw: Lair rune preference: random
     0 | D:1      | 0 ||| qw: Plans: Normal, Zot:1-4, Slime:5, God:TSO, Crypt,
                  | Tomb, Abyss, Pan, Hells, Win
     0 | D:1      | 0 ||| PLANNING D:1-11
   225 | D:1      | Reached XP level 2. HP: 17/17 MP: 2/2
   439 | D:1      | 439 ||| UPGRADING to +0 ring mail.
   449 | D:1      | 449 ||| DROPPING +0 leather armour.
   450 | D:1      | 450 ||| READING scroll labelled HOADOTHO HALOG.
   451 | D:1      | 451 ||| READING scroll labelled OCIV IWATWOGUO.
   452 | D:1      | 452 ||| READING scroll labelled ENKIOG TEQEU.
   453 | D:1      | 453 ||| READING scroll labelled WOSELO SEPPADU.
   454 | D:1      | 454 ||| DRINKING 2 sedimented brown potions.
   455 | D:1      | 455 ||| DROPPING scroll of butterflies.
   605 | D:2      | Found a faded altar of an unknown god.
   634 | D:2      | Reached skill level 1 in Armour
   634 | D:2      | Reached XP level 3. HP: 21/21 MP: 3/3
   974 | D:2      | 974 ||| READING scroll labelled IKIM KUCLEO.
   977 | D:2      | 977 ||| DRINKING 3 emerald potions.
  1079 | D:3      | Found a broken altar of Ashenzari.
  1198 | D:3      | Reached skill level 5 in Ranged Weapons
  1221 | D:3      | Found an ancient bone altar of Kikubaaqudgha.
  1252 | D:3      | Found Famie's Assorted Antiques.
  1272 | D:3      | 1272 ||| SHOPLISTING 2 potions of haste (500 gold, have
                  | 132).
  1272 | D:3      | 1272 ||| BUYING glowing leather armour (125 gold).
  1272 | D:3      | Bought a glowing leather armour for 125 gold pieces
  1272 | D:3      | 1272 ||| SHOPLISTING potion of haste (250 gold, have 7).
  1366 | D:3      | Found an ornate altar of the Wu Jian Council.
  1522 | D:3      | Reached skill level 3 in Fighting
  1522 | D:3      | Reached XP level 4. HP: 21/28 MP: 4/4
  1625 | D:3      | Found a hide-covered altar of Uskayaw.
  1687 | D:3      | 1687 ||| UPGRADING to +3 leather armour of poison
                  | resistance.
  1697 | D:3      | 1697 ||| DROPPING +0 ring mail.
  1825 | D:4      | 1825 ||| FLEEEEING.
  1830 | D:4      | 1830 ||| STAIRDANCE
  1847 | D:3      | 1847 ||| READING 2 scrolls labelled CENECS SOSEG.
  1848 | D:3      | 1848 ||| DROPPING scroll of vulnerability.
  1881 | D:4      | Reached XP level 5. HP: 20/32 MP: 5/5
  2042 | D:4      | Noticed Natasha
  2045 | D:4      | 2045 ||| Stepping ~*~*~tactically~*~*~ (outnumbered).
  2046 | D:4      | 2046 ||| Stepping ~*~*~tactically~*~*~ (outnumbered).
  2052 | D:4      | Killed Natasha
  2096 | D:4      | Noticed Edmund
  2100 | D:4      | 2100 ||| Stepping ~*~*~tactically~*~*~ (outnumbered).
  2104 | D:4      | HP: 8/32 [gnoll/+0 whip (5)]
  2105 | D:4      | 2105 ||| READING 3 scrolls of teleportation.
  2107 | D:4      | HP: 1/32 [Edmund/+4 flail of holy wrath (7)]
  2107 | D:4      | Slain by a gnoll

Levels and vault maps discovered:
D:1:      minmay_arrival_loop, layout_rooms, minmay_misc_feat_nine_boxes
D:2:      layout_rooms, basic_ecumenical_altar
D:3:      layout_basic, nicolae_ashenzari_panopticon,
          mainiacjoe_overflow_chevrons, nzn_wu_jian_council_hall,
          mainiacjoe_overflow_small_starburst, serial_shops,
          nicolae_shop_peninsula
D:4:      layout_loops_ring, ebering_ghost_reflecting_pool, uniq_natasha,
          uniq_edmund

Skill      XL: |  1  2  3 |
---------------+----------+-----
Armour         | 1 |  1.5
Ranged Weapons | 5 |  5.8
Fighting       | 3 |  3.1
Dodging        | |  1.5
Stealth        | |  1.1

Action                     |  1- 3 |  4- 6 || total
---------------------------+-------+-------++-------
   Fire: Shortbow          |   124 |    67 ||   191
    Use: Scroll            |     5 |     2 ||     7
         Potion            |     2 |       ||     2
 Armour: Leather armour    |     2 |    17 ||    19
         Ring mail         |    24 |       ||    24
  Dodge: Dodged            |    28 |    21 ||    49

Table legend:
 A = Non-vault XP
 B = Vault XP
 C = Vault XP percentage of total XP
 D = Non-vault monster count
 E = Vault monster count
 F = Vault count percentage of total count
                 A         B        C        D         E       F
            +---------+---------+-------+---------+---------+-------
      Total |     191 |      35 |  15.5 |      43 |       1 |   2.3
            +---------+---------+-------+---------+---------+-------
        D:1 |      16 |       0 |   0.0 |       9 |       0 |   0.0
        D:2 |      30 |       0 |   0.0 |       9 |       0 |   0.0
        D:3 |      70 |       0 |   0.0 |      14 |       0 |   0.0
        D:4 |      75 |      35 |  31.8 |      11 |       1 |   8.3
            +---------+---------+-------+---------+---------+-------
